 Dungeon Sprint DCSS version 0.28-a0-973-ga7f8b01127 (webtiles) character file.

Game seed: 13645203384786675404

42432 tatocazan the Impaler (level 13, -6/132 HPs)
             Began as a Minotaur Fighter on Dec 1, 2021.
             Was the Champion of the Shining One.
             Killed from afar by Aizul (29 damage)
             ... with a bolt of poison
             ... in the Dungeon (Sprint IX: "|||||||||||||||||||||||||||||").
             The game lasted 00:09:13 (4841 turns).

tatocazan the Impaler (Minotaur Fighter)            Turns: 4841, Time: 00:09:14

Health: -6/132     AC: 24    Str: 26    XL:     13   Next: 85%
Magic:  25/25      EV: 12    Int:  8    God:    the Shining One [******]
Gold:   1674       SH:  0    Dex:  7    Spells: 12/12 levels left

rFire   + + .      SeeInvis .   l - +2 halberd (freeze)
rCold   + . .      Faith    .   (shield currently unavailable)
rNeg    + + +      Spirit   .   B - +3 chain mail
rPois   .          Reflect  .   (helmet restricted)
rElec   .          Harm     .   b - +0 cloak "Emanymm" {rF++ rC+ Dex-3}
rCorr   .          Rampage  .   c - +0 pair of gloves
Will    .....      NoTele   +   u - +0 pair of boots
Stlth   ..........              (no amulet)
HPRegen 0.32/turn               a - +2 ring of protection
MPRegen 0.19/turn               n - +3 ring of intelligence

@: lethally poisoned (-6 -> -18), glowing
A: horns 2, retaliatory headbutt
a: Renounce Religion, Divine Shield, Cleansing Flame, Summon Divine Warrior,
Brand Weapon With Holy Wrath


You were in the Dungeon.
You worshipped the Shining One.
The Shining One was exalted by your worship.
You visited 1 branch You collected 1921 gold pieces.
You spent 247 gold pieces at shops.

Inventory:

Hand Weapons
 l - a +2 halberd of freezing (weapon)
 m - a +4 quarterstaff of speed
 A - a +1 glaive
Missiles
 w - 2 throwing nets (quivered)
Armour
 b - the +0 cloak "Emanymm" (worn) {rF++ rC+ Dex-3}
   (You bought it in a shop in the Dungeon)

   Dex:       It affects your dexterity (-3).
   rF:        It greatly protects you from fire.
   rC:        It protects you from cold.
 c - a +0 pair of gloves (worn)
 s - a +0 cloak
 u - a +0 pair of boots (worn)
 v - a +0 plate armour
 B - a +3 chain mail (worn)
 C - a +1 tower shield
Jewellery
 a - a +2 ring of protection (left hand)
 n - a +3 ring of intelligence (right hand)
 x - a ring of ice
 y - a ring of poison resistance
 z - a ring of willpower
Wands
 k - a wand of acid (23)
 F - a wand of paralysis (12)
 G - a wand of mindburst (12)
Scrolls
 i - 2 scrolls of amnesia
 j - 2 scrolls of blinking
 p - 2 scrolls of enchant weapon
 q - 4 scrolls of enchant armour
 r - 2 scrolls of fog
 t - 3 scrolls of identify
 E - a scroll of fear
Potions
 d - a potion of mutation
 e - 3 potions of curing
 g - a potion of haste
 h - 4 potions of magic
 o - a potion of berserk rage
 D - 2 potions of brilliance


   Skills:
 * Level 17.0 Fighting
 - Level 19.3 Polearms
 + Level 17.0 Armour
 + Level 14.5 Dodging
 - Level 17.2 Shields
 * Level 19.1 Invocations


You had 12 spell levels left.
You didn't know any spells.
Your spell library was empty.

Dungeon Overview and Level Annotations

Branches:
Dungeon (1/1)

Altars:
Cheibriados
Dithmenos
Elyvilon
Fedhas
Gozag
Hepliaklqana
Kikubaaqudgha
Makhleb
Nemelex Xobeh
Okawaru
Qazlal
Ru
Sif Muna
Trog
Uskayaw
Vehumet
Wu Jian
Xom
Yredelemnul
Zin
The Shining One
Beogh
Jiyva
Lugonu

Shops:
D (**!

Annotations:
D Aizul


Innate Abilities, Weirdness & Mutations

You have a pair of horns on your head.
You reflexively headbutt those who attack you in melee.


Message History

You take 3 damage, and have 102/132 hp.
You barely miss Aizul.
Aizul is heavily wounded.
You feel very sick. Aizul hits you but does no damage.
You take 3 damage, and have 99/132 hp.
You barely miss Aizul. Your headbutt misses Aizul.
Aizul is heavily wounded.
You feel sick. Aizul casts a spell at you.
The bolt of poison hits you but does no damage.
You are more poisoned.
You take 2 damage, and have 97/132 hp.
You hit Aizul but do no damage. Your headbutt misses Aizul.
Aizul is heavily wounded.
You feel very sick. Aizul hits you!
You take 20 damage, and have 77/132 hp.
You are too injured to fight recklessly!
You are too injured to fight recklessly!
You completely miss Aizul. Your headbutt misses Aizul.
Aizul is heavily wounded.
You feel very sick. Aizul casts a spell at you. The bolt of poison hits you!!
You are more poisoned.
You take 31 damage, and have 46/132 hp.
MASSIVE DAMAGE!!
You hit Aizul but do no damage.
Aizul is heavily wounded.
You feel very sick.
Aizul coils herself and waves her upper body at you.
The bolt of poison hits you!!
You are lethally poisoned!
* * * LOW HITPOINT WARNING * * *
You take 33 damage, and have 13/132 hp.
MASSIVE DAMAGE!!
You feel better.
Aizul coils herself and waves her upper body at you.
The bolt of poison hits you!!
You are poisoned.
You die...

.▓.▓.▓.▓.▓.▓.▓.▓
.▓.▓.▓)▓.▓.▓.▓.▓.▓
.▓†▓.▓)▓.▓.▓.▓.▓.▓
.▓†▓.▓)▓.▓)▓.▓.▓.▓
.▓.▓.▓.▓.▓)▓.▓.▓.▓
.▓†▓.▓.▓.▓)▓.▓.▓.▓
.▓†▓.▓)▓.▓.▓.▓'▓.▓
.▓.▓.▓∩▓.▓.▓.▓)▓S▓
.▓.▓.▓.▓.▓.▓.▓.▓@▓
.▓.▓.▓∩▓.▓.▓.▓.▓.▓
.▓.▓.▓.▓.▓.▓.▓.▓.▓
.▓.▓.▓∩▓.▓)▓.▓.▓.▓
.▓.▓.▓.▓.▓.▓.▓.▓.▓
.▓.▓.▓∩▓.▓)▓.▓.▓.▓
.▓.▓.▓.▓.▓.▓.▓.▓.▓
.▓'▓.▓.▓.▓.▓.▓.▓.▓
.▓.▓.▓.▓.▓.▓.▓'▓.▓


You could see Aizul.

Vanquished Creatures
  A very ugly thing (D)
  An eleionoma (D)
  A great orb of eyes (D)
  A naga warrior (D)
  Harold (D)
  3 centaur warriors (D)
  An anaconda (D)
  A two-headed ogre (D)
  A deep troll earth mage (D)
  A shock serpent (D)
  2 naga sharpshooters (D)
  Sonja (D)
  A swamp dragon (D)
  A sea snake (D)
  3 orc knights (D)
  A wizard (D)
  A necromancer (D)
  A cyclops (D)
  An ugly thing (D)
  A moth of wrath (D)
  A manticore (D)
  A merfolk siren (D)
  4 orc sorcerers (D)
  An elephant (D)
  A black mamba (D)
  A gargoyle (D)
  A rime drake (D)
  A komodo dragon (D)
  2 demonic crawlers (D)
  A jumping spider (D)
  2 polar bears (D)
  2 merfolk (D)
  A wind drake (D)
  2 snapping turtles (D)
  A slime creature (D)
  3 tarantellas (D)
  A shadow (D)
  2 basilisks (D)
  A yak (D)
  A vampire mosquito (D)
  An acid dragon (D)
  5 water moccasins (D)
  6 black bears (D)
  9 orc warriors (D)
  An ice beast (D)
  A wolf (D)
  A centaur (D)
  4 bullfrogs (D)
  A jelly (D)
  3 orc priests (D)
  An iguana (D)
  11 orc wizards (D)
  A white imp (D)
  4 orcs (D)
  An endoplasm (D)
  A hobgoblin (D)
  A ball python (D)
  A frilled lizard (D)
  A giant cockroach zombie (D)
  A quokka zombie (D)
  A rat (D)
111 creatures vanquished.

Vanquished Creatures (collateral kills)
  A thorn hunter (D)
  2 eleionomae (D)
  A shambling mangrove (D)
  A great orb of eyes (D)
  2 hydras (D)
  A merfolk aquamancer (D)
  A centaur warrior (D)
  2 shock serpents (D)
  A spriggan (D)
  A goliath frog (D)
  An orc knight (D)
  A mana viper (D)
  An ugly thing (D)
  A cyclops (D)
  A moth of wrath (D)
  A water nymph (D)
  A troll (shapeshifter) (D)
  A meliai (D)
  2 hornets (D)
  A tarantella (D)
  2 water moccasins (D)
  An orc priest (D)
  An orc wizard (D)
  2 orcs (D)
30 creatures vanquished.

Grand Total: 141 creatures vanquished

Notes
Turn   | Place    | Note
-------+----------+-------------------------------------------
     0 | D        | tatocazan the Minotaur Fighter began the quest for the Orb.
     0 | D        | Reached XP level 1. HP: 19/19 MP: 0/0
    15 | D        | Noticed an ice beast
    15 | D        | Noticed a jelly
    15 | D        | Noticed an iguana
    20 | D        | Killed an ice beast
    21 | D        | Reached skill level 5 in Polearms
    21 | D        | Reached XP level 2. HP: 30/30 MP: 1/1
    21 | D        | Reached XP level 3. HP: 37/37 MP: 2/2
    21 | D        | Reached XP level 4. HP: 44/44 MP: 3/3
    26 | D        | Reached XP level 5. HP: 52/52 MP: 4/4
    64 | D        | Found a snail-covered altar of Cheibriados.
    64 | D        | Found a shadowy altar of Dithmenos.
    64 | D        | Found a white marble altar of Elyvilon.
    64 | D        | Found a blossoming altar of Fedhas.
    64 | D        | Found an opulent altar of Gozag.
    65 | D        | Found a hazy altar of Hepliaklqana.
    66 | D        | Found a viscous altar of Jiyva.
    67 | D        | Found an ancient bone altar of Kikubaaqudgha.
    68 | D        | Found a corrupted altar of Lugonu.
    69 | D        | Found a burning altar of Makhleb.
    70 | D        | Found a sparkling altar of Nemelex Xobeh.
    71 | D        | Found an iron altar of Okawaru.
    72 | D        | Found a stormy altar of Qazlal.
    73 | D        | Found a sacrificial altar of Ru.
    74 | D        | Found a shimmering blue altar of Sif Muna.
    75 | D        | Found a bloodstained altar of Trog.
    76 | D        | Found a hide-covered altar of Uskayaw.
    77 | D        | Found a radiant altar of Vehumet.
    78 | D        | Found an ornate altar of the Wu Jian Council.
    79 | D        | Found a shimmering altar of Xom.
    80 | D        | Found a basalt altar of Yredelemnul.
    81 | D        | Found a glowing silver altar of Zin.
    82 | D        | Found a glowing golden altar of the Shining One.
    90 | D        | Became a worshipper of the Shining One
   140 | D        | Noticed a shadow
   140 | D        | Noticed a centaur
   140 | D        | Noticed a gargoyle
   140 | D        | Reached * piety under the Shining One
   140 | D        | Noticed a yak
   140 | D        | Noticed a two-headed ogre
   140 | D        | Reached ** piety under the Shining One
   143 | D        | Killed a shadow
   144 | D        | Reached XP level 6. HP: 61/61 MP: 4/7
   147 | D        | Killed a gargoyle
   148 | D        | Reached skill level 5 in Invocations
   148 | D        | Reached XP level 7. HP: 61/69 MP: 4/10
   150 | D        | Killed a yak
   151 | D        | Reached skill level 10 in Polearms
   151 | D        | Reached skill level 5 in Dodging
   155 | D        | Killed a two-headed ogre
   156 | D        | Reached XP level 8. HP: 52/79 MP: 5/12
   164 | D        | Noticed a centaur warrior
   164 | D        | Reached *** piety under the Shining One
   164 | D        | Noticed a manticore
   164 | D        | Noticed a slime creature
   164 | D        | Noticed a cyclops
   168 | D        | Killed a centaur warrior
   169 | D        | Reached skill level 10 in Fighting
   169 | D        | Reached skill level 10 in Armour
   169 | D        | Reached skill level 10 in Shields
   169 | D        | Reached XP level 9. HP: 47/85 MP: 7/14
   170 | D        | Reached **** piety under the Shining One
   173 | D        | Killed a manticore
   178 | D        | Killed a cyclops
   179 | D        | Reached skill level 10 in Invocations
   582 | D        | Reached XP level 10. HP: 91/96 MP: 15/17
   616 | D        | Reached ***** piety under the Shining One
   616 | D        | Noticed an eight-headed hydra
   616 | D        | Noticed an elephant
   628 | D        | Killed an eight-headed hydra
   629 | D        | Reached skill level 15 in Polearms
   637 | D        | Killed an elephant
   961 | D        | Noticed Sonja
   961 | D        | Reached ****** piety under the Shining One
   971 | D        | Killed Sonja
   973 | D        | Reached XP level 11. HP: 58/105 MP: 19/19
  1361 | D        | Noticed an orc knight
  1383 | D        | Killed an orc knight
  1387 | D        | Reached XP level 12. HP: 73/113 MP: 12/21
  1673 | D        | Reached skill level 10 in Dodging
  1891 | D        | Found Zunoh's Antique Weapon Emporium.
  1899 | D        | Found Hisyd's General Store.
  1905 | D        | Found Gogeir's Assorted Antiques.
  1910 | D        | Found Naamis's Distillery.
  1925 | D        | Paralysed by an orc sorcerer for 3 turns
  1937 | D        | Bought a scorched cloak for 247 gold pieces
  1937 | D        | Identified the +0 cloak "Emanymm" {rF++ rC+ Dex-3} (You
                  | bought it in a shop in the Dungeon)
  2013 | D        | Noticed Harold
  2021 | D        | Killed Harold
  2131 | D        | Noticed a centaur warrior
  2140 | D        | Noticed a centaur warrior
  2141 | D        | Killed a centaur warrior
  2147 | D        | Reached skill level 15 in Invocations
  2154 | D        | Noticed a brown very ugly thing
  2156 | D        | Noticed a centaur warrior
  2158 | D        | Noticed a great orb of eyes
  2161 | D        | Killed a centaur warrior
  2166 | D        | Killed a brown very ugly thing
  2168 | D        | Killed a centaur warrior
  2176 | D        | Killed a great orb of eyes
  2393 | D        | Noticed a deep troll earth mage
  2394 | D        | Noticed a great orb of eyes
  2399 | D        | Killed a deep troll earth mage
  2407 | D        | Killed a great orb of eyes
  2638 | D        | Reached XP level 13. HP: 118/125 MP: 24/24
  2640 | D        | Reached skill level 15 in Shields
  2651 | D        | Reached skill level 15 in Fighting
  2651 | D        | Reached skill level 15 in Armour
  2671 | D        | Noticed an eleionoma
  2671 | D        | Noticed an eleionoma
  2671 | D        | Noticed an eleionoma
  2677 | D        | Killed an eleionoma
  2686 | D        | Killed an eleionoma
  2688 | D        | Noticed a thorn hunter
  2714 | D        | Killed an eleionoma
  2727 | D        | Killed a thorn hunter
  4086 | D        | HP: 2/132 [shock serpent/electric aura (17)]
  4828 | D        | Noticed Aizul
  4841 | D        | Killed from afar by Aizul

Illustrated notes

Levels and vault maps discovered:
D:        linesprint [early_d, line_temple, items_1, d_10, items_2, lair_1,
          lair_end, items_3, orc_1, orc_end, items_4, d_15, swamp_1, shoals_1,
          snake_1, spider_1, d_20, vaults_1, items_5, swamp_end, shoals_end,
          snake_end, spider_end, vaults_end, d_27, items_6, zot_1, zot_end,
          crypt_end, forest_end, elf_end, slime_end, tomb_end, abyss_end,
          pan_hell_end]

Skill      XL: |  1  2  3  4  5  6  7  8  9 10 11 12 13 |
---------------+----------------------------------------+-----
Fighting       | 6 7 8 9 10 11 12 14 17 | 17.0
Armour         | 6 7 8 9 10 11 12 14 17 | 17.0
Shields        | 6 7 8 9 10 11 12 14 17 | 17.2
Polearms       | 5 6 8 9 11 12 14 16 19 | 19.3
Dodging        | 2 4 6 8 9 12 14 | 14.5
Invocations    | 3 5 7 8 10 13 16 19 | 19.1

Action                   |  1- 3 |  4- 6 |  7- 9 | 10-12 | 13-15 || total
-------------------------+-------+-------+-------+-------+-------++-------
Melee: Trident           |     9 |    10 |       |       |       ||    19
       Headbutt          |       |     2 |     9 |    25 |    15 ||    51
       Halberd           |       |     6 |    50 |   188 |   127 ||   371
Invok: Summon Divine War |       |       |       |     3 |     5 ||     8
       Cleansing Flame   |       |       |       |       |     3 ||     3
       Divine Shield     |       |       |       |       |     2 ||     2
  Use: Potion            |     1 |     1 |     2 |     2 |     9 ||    15
       Scroll            |       |       |       |       |     1 ||     1
Armor: Scale mail        |     3 |       |       |       |       ||     3
       Chain mail        |       |     5 |    23 |    71 |    43 ||   142
       Plate armour      |       |       |       |    12 |       ||    12
Dodge: Dodged            |     1 |     1 |    22 |    47 |    36 ||   107
Block: Other             |       |       |       |       |    14 ||    14

Table legend: (Time is in decaauts)
 A = Elapsed time spent in this place.
 B = Non-inter-level travel time spent in this place.
 C = Inter-level travel time spent in this place.
 D = Time resting spent in this place.
 E = Time spent auto-exploring this place.
 F = Levels seen in this place.
 G = Mean time per level.
                   A        B        C        D        E       F      G
               +--------+--------+--------+--------+--------+-----+--------+
         Total |   4723 |   4681 |     42 |   3172 |    746 |   1 | 4723.0 |
       Dungeon |   4723 |   4681 |     42 |   3172 |    746 |   1 | 4723.0 |
               +--------+--------+--------+--------+--------+-----+--------+

Top non-repeatable levels by time:
       D: 4723 daAuts
